EL
MISSISSIPPI BRAVES @ BILOXI SHUCKERS
07/18/2049
 
TOP OF THE 1ST
Mississippi Braves batting - Pitching for Biloxi Shuckers : RHP Brett Rosinsky
Pitching: RHP Brett Rosinsky
Batting: LHB Sal Fernandez 0-0: SINGLE (Flyball, 6D, EV 93.8 MPH)
Batting: RHB Hieronim Rutkowski 0-0: Foul Ball, location: 2F
0-1: Ball
1-1: Called Strike
1-2: Strikes out swinging
Batting: LHB Art D'Ascenzo 0-0: Called Strike
0-1: Ball
1-1: Swinging Strike
1-2: Strikes out swinging
Batting: RHB Eddie McCoy 0-0: Ball
1-0: 2-RUN HOME RUN (Flyball, 78XD, EV 105.0 MPH), Distance : 405 ft
Batting: SHB Jose Melendez 0-0: Ball
1-0: Ball
2-0: Ball
3-0: Base on Balls
Batting: RHB Tim Molchan 0-0: Swinging Strike
0-1: Swinging Strike
0-2: Ball
1-2: Foul Ball, location: 2F
1-2: Foul Ball, location: 2F
1-2: Ball
2-2: Ground out 5-3 (Groundball, 56S, EV 85.6 MPH)
Top of the 1st over - 2 runs, 2 hits, 0 errors, 1 left on base; Mississippi 2 - Biloxi 0
BOTTOM OF THE 1ST
Biloxi Shuckers batting - Pitching for Mississippi Braves : LHP Mark Gehring
Pitching: LHP Mark Gehring
Batting: RHB Nick Cummings 0-0: Ground out 5-3 (Groundball, 56, EV 102.5 MPH)
Batting: SHB Jerry Duffy 0-0: Swinging Strike
0-1: Ball
1-1: Swinging Strike
1-2: Ball
2-2: Ball
3-2: Foul Ball, location: 2F
3-2: Base on Balls
Batting: SHB Justin Hensley 0-0: Called Strike
0-1: Foul Ball, location: 2F
0-2: Strikes out swinging
Batting: SHB Nick Chandler 0-0: Ground out 4-3 (Groundball, 4, EV 85.6 MPH)
Bottom of the 1st over - 0 runs, 0 hits, 0 errors, 1 left on base; Mississippi 2 - Biloxi 0
TOP OF THE 2ND
Mississippi Braves batting - Pitching for Biloxi Shuckers : RHP Brett Rosinsky
Batting: RHB Elias Vences 0-0: Ground out 4-3 (Groundball, 4, EV 81.9 MPH)
Batting: LHB Fred Arends 0-0: Ball
1-0: Ball
2-0: Called Strike
2-1: Ball
3-1: Foul Ball, location: 2F
3-2: Strikes out swinging
Batting: RHB Gerard Michel 0-0: Fly out, F7 (Flyball, 7, EV 95.6 MPH)
Top of the 2nd over - 0 runs, 0 hits, 0 errors, 0 left on base; Mississippi 2 - Biloxi 0
BOTTOM OF THE 2ND
Biloxi Shuckers batting - Pitching for Mississippi Braves : LHP Mark Gehring
Batting: RHB Brian Landrum 0-0: Ball
1-0: Ball
2-0: Swinging Strike
2-1: Called Strike
2-2: Ball
3-2: Ground out 5-3 (Groundball, 56S, EV 93.1 MPH)
Batting: LHB Kwang-chih Men 0-0: Foul Ball, location: 2F
0-1: Ball
1-1: Swinging Strike
1-2: Ground out U3 (Groundball, 23, EV 80.0 MPH)
Batting: RHB Leo Serrano 0-0: Ball
1-0: Ball
2-0: Foul Ball, location: 2F
2-1: Foul Ball, location: 2F
2-2: Ground out 4-3 (Groundball, 4, EV 80.6 MPH)
Bottom of the 2nd over - 0 runs, 0 hits, 0 errors, 0 left on base; Mississippi 2 - Biloxi 0
TOP OF THE 3RD
Mississippi Braves batting - Pitching for Biloxi Shuckers : RHP Brett Rosinsky
Batting: LHB Sal Fernandez 0-0: Called Strike
0-1: Ball
1-1: Ball
2-1: Ball
3-1: Base on Balls
Batting: RHB Hieronim Rutkowski 0-0: Called Strike
0-1: Ball
Sal Fernandez steals 2nd base (no throw)
1-1: Ball
2-1: Swinging Strike
2-2: Foul Ball, location: 2F
2-2: Ball
3-2: Ground out 6-3 (Groundball, 56, EV 100.0 MPH)
Batting: LHB Art D'Ascenzo 0-0: Ball
1-0: Foul Ball, location: 2F
1-1: Foul Ball, location: 2F
1-2: Ball
2-2: Ball
3-2: Foul Ball, location: 2F
3-2: Foul Ball, location: 2F
3-2: Base on Balls
Batting: RHB Eddie McCoy 0-0: Ball
1-0: Called Strike
1-1: Foul Ball, location: 2F
1-2: Ball
2-2: Foul Ball, location: 2F
2-2: Ball
3-2: Grounds into double play, 4-6-3 (Groundball, 4, EV 105.0 MPH)
Top of the 3rd over - 0 runs, 0 hits, 0 errors, 1 left on base; Mississippi 2 - Biloxi 0
BOTTOM OF THE 3RD
Biloxi Shuckers batting - Pitching for Mississippi Braves : LHP Mark Gehring
Batting: LHB Rick Campbell 0-0: Ball
1-0: Foul Ball, location: 2F
1-1: Foul Ball, location: 2F
1-2: Ball
2-2: Foul Ball, location: 2F
2-2: SOLO HOME RUN (Flyball, 9D, EV 94.4 MPH), Distance : 379 ft
Batting: SHB Ramon Perez 0-0: Ball
1-0: Foul Ball, location: 2F
1-1: Ball
2-1: SINGLE (Flyball, 34D, EV 91.2 MPH)
Batting: RHB Nick Cummings 0-0: Ball
1-0: Called Strike
1-1: Ball
2-1: Ball
3-1: Base on Balls
Ramon Perez to second
Batting: SHB Jerry Duffy 0-0: Hit by Pitch
Ramon Perez to third
Nick Cummings to second
Batting: SHB Justin Hensley 0-0: Called Strike
0-1: Foul Ball, location: 2F
0-2: Fly out, F7 (Flyball, 7D, EV 101.2 MPH)
Runner from 3rd tags up, SCORES, no throw by LF
Nick Cummings to third
Batting: SHB Nick Chandler 0-0: Ball
1-0: Swinging Strike
1-1: Swinging Strike
1-2: Strikes out swinging
Batting: RHB Brian Landrum 0-0: Ball
1-0: SINGLE (Groundball, 56D, EV 103.1 MPH)
Nick Cummings scores
Jerry Duffy to second
Batting: LHB Kwang-chih Men 0-0: Ground out 4-3 (Groundball, 13, EV 85.6 MPH)
Bottom of the 3rd over - 3 runs, 3 hits, 0 errors, 2 left on base; Mississippi 2 - Biloxi 3
TOP OF THE 4TH
Mississippi Braves batting - Pitching for Biloxi Shuckers : RHP Brett Rosinsky
Batting: SHB Jose Melendez 0-0: Foul Ball, location: 2F
0-1: Called Strike
0-2: Strikes out looking
Batting: RHB Tim Molchan 0-0: Ground out 5-3 (Groundball, 5, EV 79.4 MPH)
Batting: RHB Elias Vences 0-0: Swinging Strike
0-1: Ball
1-1: Called Strike
1-2: Strikes out swinging
Top of the 4th over - 0 runs, 0 hits, 0 errors, 0 left on base; Mississippi 2 - Biloxi 3
BOTTOM OF THE 4TH
Biloxi Shuckers batting - Pitching for Mississippi Braves : LHP Mark Gehring
Batting: RHB Leo Serrano 0-0: Called Strike
0-1: Foul Ball, location: 2F
0-2: Strikes out looking
Batting: LHB Rick Campbell 0-0: Ball
1-0: Ball
2-0: Ground out U3 (Groundball, 3, EV 104.4 MPH)
Batting: SHB Ramon Perez 0-0: Ground out 5-3 (Groundball, 56S, EV 65.6 MPH)
Bottom of the 4th over - 0 runs, 0 hits, 0 errors, 0 left on base; Mississippi 2 - Biloxi 3
TOP OF THE 5TH
Mississippi Braves batting - Pitching for Biloxi Shuckers : RHP Brett Rosinsky
Batting: LHB Fred Arends 0-0: Called Strike
0-1: Called Strike
0-2: Strikes out looking
Batting: RHB Gerard Michel 0-0: Ball
1-0: Ball
2-0: Ball
3-0: Base on Balls
Batting: LHB Sal Fernandez 0-0: Ball
1-0: Fly out, F7 (Flyball, 7S, EV 81.2 MPH)
Batting: RHB Hieronim Rutkowski 0-0: Ball
1-0: Fly out, F8 (Line Drive, 8LM, EV 98.8 MPH)
Top of the 5th over - 0 runs, 0 hits, 0 errors, 1 left on base; Mississippi 2 - Biloxi 3
BOTTOM OF THE 5TH
Biloxi Shuckers batting - Pitching for Mississippi Braves : LHP Mark Gehring
Batting: RHB Nick Cummings 0-0: Ball
1-0: Fly out, F7 (Flyball, 7LM, EV 101.9 MPH)
Batting: SHB Jerry Duffy 0-0: Foul Ball, location: 2F
0-1: Ball
1-1: Ball
2-1: Foul Ball, location: 2F
2-2: Foul Ball, location: 2F
2-2: Ball
3-2: Base on Balls
Batting: SHB Justin Hensley 0-0: Ball
1-0: Foul Ball, location: 2F
1-1: Foul Ball, location: 2F
1-2: Foul Ball, location: 2F
1-2: Foul Ball, location: 2F
1-2: Foul Ball, location: 2F
1-2: Ball
2-2: Ball
3-2: Foul Ball, location: 2F
3-2: SINGLE (Groundball, 25, EV 71.2 MPH) (infield hit)
Jerry Duffy to second
Batting: SHB Nick Chandler 0-0: Called Strike
0-1: Ball
1-1: Called Strike
1-2: Strikes out swinging
Batting: RHB Brian Landrum 0-0: Ball
1-0: Ball
2-0: Foul Ball, location: 2F
2-1: Foul Ball, location: 2F
2-2: Ball
3-2: Base on Balls
Jerry Duffy to third
Justin Hensley to second
Pitching: RHP Chris Hawkins
Batting: LHB Kwang-chih Men 0-0: Swinging Strike
0-1: Fly out, F8 (Flyball, 8LD, EV 80.6 MPH)
Bottom of the 5th over - 0 runs, 1 hit, 0 errors, 3 left on base; Mississippi 2 - Biloxi 3
TOP OF THE 6TH
Mississippi Braves batting - Pitching for Biloxi Shuckers : RHP Brett Rosinsky
Batting: LHB Art D'Ascenzo 0-0: Swinging Strike
0-1: SOLO HOME RUN (Flyball, 9LD, EV 95.6 MPH), Distance : 345 ft
Batting: RHB Eddie McCoy 0-0: Foul Ball, location: 2F
0-1: Ball
1-1: Ball
2-1: Swinging Strike
2-2: Strikes out looking
Batting: SHB Jose Melendez 0-0: Ball
1-0: Foul Ball, location: 2F
1-1: SOLO HOME RUN (Flyball, 8RXD, EV 110.0 MPH), Distance : 436 ft
Batting: RHB Tim Molchan 0-0: Ball
1-0: Ball
2-0: Ball
3-0: Called Strike
3-1: Fly out, F9 (Flyball, 9LM, EV 93.1 MPH)
Pitching: RHP Josh Pelletier
Batting: RHB Elias Vences 0-0: Foul Ball, location: 2F
0-1: Ball
1-1: Ball
2-1: Swinging Strike
2-2: Strikes out swinging
Top of the 6th over - 2 runs, 2 hits, 0 errors, 0 left on base; Mississippi 4 - Biloxi 3
BOTTOM OF THE 6TH
Biloxi Shuckers batting - Pitching for Mississippi Braves : RHP Chris Hawkins
Batting: RHB Leo Serrano 0-0: Called Strike
0-1: Bunt missed!
0-2: Ball
1-2: Foul Ball, location: 2F
1-2: Ground out 6-3 (Groundball, 6, EV 92.5 MPH)
Batting: LHB Rick Campbell 0-0: Ball
1-0: Swinging Strike
1-1: Ball
2-1: Ball
3-1: Foul Ball, location: 2F
3-2: Foul Ball, location: 2F
3-2: Base on Balls
Batting: SHB Ramon Perez 0-0: Swinging Strike
0-1: Ball
1-1: Called Strike
Rick Campbell steals 2nd base
1-2: Strikes out swinging
Batting: RHB Nick Cummings 0-0: Swinging Strike
0-1: Swinging Strike
0-2: Ball
1-2: Strikes out looking
Bottom of the 6th over - 0 runs, 0 hits, 0 errors, 1 left on base; Mississippi 4 - Biloxi 3
TOP OF THE 7TH
Mississippi Braves batting - Pitching for Biloxi Shuckers : RHP Josh Pelletier
Batting: LHB Fred Arends 0-0: Called Strike
0-1: Ball
1-1: Foul Ball, location: 2F
1-2: Strikes out swinging
Batting: RHB Gerard Michel 0-0: Called Strike
0-1: Called Strike
0-2: Strikes out swinging
Batting: LHB Sal Fernandez 0-0: Fly out, F9 (Line Drive, 9LM, EV 95.0 MPH)
Top of the 7th over - 0 runs, 0 hits, 0 errors, 0 left on base; Mississippi 4 - Biloxi 3
BOTTOM OF THE 7TH
Biloxi Shuckers batting - Pitching for Mississippi Braves : RHP Chris Hawkins
Pitching: RHP Ruben Valle
Batting: SHB Jerry Duffy 0-0: Ball
1-0: SINGLE (Groundball, 25, EV 67.5 MPH) (infield hit)
Batting: SHB Justin Hensley 0-0: Called Strike
0-1: Ball
Jerry Duffy is caught stealing 2nd base 2-6
1-1: Ball
2-1: Swinging Strike
2-2: Ball
3-2: Foul Ball, location: 2F
3-2: Foul Ball, location: 2F
3-2: Foul Ball, location: 2F
3-2: Strikes out looking
Batting: SHB Nick Chandler 0-0: SINGLE (Line Drive, 9S, EV 93.1 MPH)
Batting: RHB Brian Landrum 0-0: Foul Ball, location: 2F
0-1: Swinging Strike
0-2: Ball
1-2: Ball
2-2: Strikes out swinging
Bottom of the 7th over - 0 runs, 2 hits, 0 errors, 1 left on base; Mississippi 4 - Biloxi 3
TOP OF THE 8TH
Mississippi Braves batting - Pitching for Biloxi Shuckers : RHP Josh Pelletier
Batting: RHB Hieronim Rutkowski 0-0: Foul Ball, location: 2F
0-1: Swinging Strike
0-2: Ball
1-2: Ground out 4-3 (Groundball, 4, EV 97.5 MPH)
Batting: LHB Art D'Ascenzo 0-0: Swinging Strike
0-1: Ground out 4-3 (Groundball, 34, EV 83.8 MPH)
Batting: RHB Eddie McCoy 0-0: Ball
1-0: Ball
2-0: Ball
3-0: Called Strike
3-1: Base on Balls
Batting: SHB Jose Melendez 0-0: Foul Ball, location: 2F
0-1: Ball
1-1: Called Strike
1-2: Ground out 4-3 (Groundball, 13, EV 84.4 MPH)
Top of the 8th over - 0 runs, 0 hits, 0 errors, 1 left on base; Mississippi 4 - Biloxi 3
BOTTOM OF THE 8TH
Biloxi Shuckers batting - Pitching for Mississippi Braves : RHP Ruben Valle
Pitching: RHP Nate Bixler
Batting: LHB Kwang-chih Men 0-0: Ball
1-0: Foul Ball, location: 2F
1-1: DOUBLE (Flyball, 8LXD, EV 106.9 MPH)
Batting: RHB Leo Serrano 0-0: Foul Ball, location: 2F
0-1: Foul Ball, location: 2F
0-2: Foul Ball, location: 2F
0-2: Strikes out swinging
Batting: LHB Rick Campbell 0-0: Ball
1-0: Foul Ball, location: 2F
1-1: Foul Ball, location: 2F
1-2: Ball
2-2: Strikes out swinging
Batting: SHB Ramon Perez 0-0: Ball
1-0: Ground out 4-3 (Groundball, 4, EV 102.5 MPH)
Bottom of the 8th over - 0 runs, 1 hit, 0 errors, 1 left on base; Mississippi 4 - Biloxi 3
TOP OF THE 9TH
Mississippi Braves batting - Pitching for Biloxi Shuckers : RHP Josh Pelletier
Pitching: LHP Brian Rich
Batting: RHB Tim Molchan 0-0: Called Strike
0-1: Called Strike
0-2: Strikes out swinging
Batting: RHB Elias Vences 0-0: Swinging Strike
0-1: Called Strike
0-2: Ball
1-2: Ball
2-2: Foul Ball, location: 2F
2-2: Ground out 6-3 (Groundball, 6, EV 84.4 MPH)
Batting: RHB Luis Restrepo 0-0: Ball
1-0: Ball
2-0: Foul Ball, location: 2F
2-1: Called Strike
2-2: Strikes out looking
Top of the 9th over - 0 runs, 0 hits, 0 errors, 0 left on base; Mississippi 4 - Biloxi 3
BOTTOM OF THE 9TH
Biloxi Shuckers batting - Pitching for Mississippi Braves : RHP Nate Bixler
Pitching: RHP Gordon Cushing
Batting: RHB Nick Cummings 0-0: Swinging Strike
0-1: Called Strike
0-2: Strikes out swinging
Batting: SHB Jerry Duffy 0-0: Foul Ball, location: 2F
0-1: Swinging Strike
0-2: Ball
1-2: Foul Ball, location: 2F
1-2: Ball
2-2: Strikes out swinging
Batting: SHB Justin Hensley 0-0: Ball
1-0: SOLO HOME RUN (Flyball, 78XD, EV 104.4 MPH), Distance : 404 ft
Batting: SHB Nick Chandler 0-0: Called Strike
0-1: Ball
1-1: Foul Ball, location: 2F
1-2: Strikes out looking
Bottom of the 9th over - 1 run, 1 hit, 0 errors, 0 left on base; Mississippi 4 - Biloxi 4
TOP OF THE 10TH
Mississippi Braves batting - Pitching for Biloxi Shuckers : LHP Brian Rich
Pitching: RHP Elijah Seabrooks
Pinch Hitting: LHB Oke Monti 0-0: Ball
1-0: Ball
2-0: Called Strike
2-1: Ball
3-1: Swinging Strike
3-2: Base on Balls
Batting: LHB Sal Fernandez 0-0: Bunt - Flyout to 3S! F3
Batting: RHB Hieronim Rutkowski 0-0: Fly out, F4 (Popup, 4D, EV 61.2 MPH)
Batting: LHB Art D'Ascenzo 0-0: Ball
1-0: Swinging Strike
1-1: Swinging Strike
1-2: Strikes out looking
Top of the 10th over - 0 runs, 0 hits, 0 errors, 1 left on base; Mississippi 4 - Biloxi 4
BOTTOM OF THE 10TH
Biloxi Shuckers batting - Pitching for Mississippi Braves : RHP Gordon Cushing
Now at 3B: Hieronim Rutkowski
Now at SS: Justin Reich
Pinch Hitting: SHB Aaron Neill 0-0: Fly out, F8 (Flyball, 8LD, EV 91.9 MPH)
Batting: LHB Kwang-chih Men 0-0: Called Strike
0-1: DOUBLE (Groundball, 5L, EV 106.2 MPH)
Batting: RHB Leo Serrano 0-0: Foul Ball, location: 2F
0-1: Called Strike
0-2: Foul Ball, location: 2F
0-2: Ball
1-2: Strikes out swinging
Batting: LHB Rick Campbell 0-0: Called Strike
0-1: Ground out 5-3 (Groundball, 56, EV 84.4 MPH)
Bottom of the 10th over - 0 runs, 1 hit, 0 errors, 1 left on base; Mississippi 4 - Biloxi 4
TOP OF THE 11TH
Mississippi Braves batting - Pitching for Biloxi Shuckers : RHP Elijah Seabrooks
Now in CF: Aaron Neill
Batting: RHB Eddie McCoy 0-0: Ball
1-0: SOLO HOME RUN (Flyball, 78XD, EV 104.4 MPH), Distance : 420 ft
Batting: SHB Jose Melendez 0-0: Ball
1-0: Ball
2-0: Ball
3-0: Base on Balls
Batting: RHB Tim Molchan 0-0: Foul Ball, location: 2F
0-1: Ball
1-1: Ball
2-1: Fly out, F6 (Line Drive, 6, EV 66.2 MPH)
Batting: RHB Elias Vences 0-0: Called Strike
0-1: Foul Ball, location: 2F
0-2: Ball
1-2: Ball
2-2: Ball
3-2: Foul Ball, location: 2F
3-2: Ground out 5-3 (Groundball, 5S, EV 67.5 MPH)
Jose Melendez to second
Batting: RHB Luis Restrepo 0-0: Ball
1-0: Ball
2-0: Fly out, F8 (Flyball, 8LD, EV 108.1 MPH)
Top of the 11th over - 1 run, 1 hit, 0 errors, 1 left on base; Mississippi 5 - Biloxi 4
BOTTOM OF THE 11TH
Biloxi Shuckers batting - Pitching for Mississippi Braves : RHP Gordon Cushing
Pitching: RHP Ioakim Mozgo
Batting: SHB Ramon Perez 0-0: Ground out 1-3 (Groundball, 13, EV 71.2 MPH)
Batting: RHB Nick Cummings 0-0: Ball
1-0: Foul Ball, location: 2F
1-1: Called Strike
1-2: Foul Ball, location: 2F
1-2: Ball
2-2: Strikes out swinging
Batting: SHB Jerry Duffy 0-0: Called Strike
0-1: Ground out 4-3 (Groundball, 34S, EV 88.8 MPH)
Bottom of the 11th over - 0 runs, 0 hits, 0 errors, 0 left on base; Mississippi 5 - Biloxi 4
Sunday, July 16th , 2023 - OOTP Baseball 24.6 Build 69